Little Stars vs National
Created - 25 février 2015 at 23:14
Goals
|
| Little Stars |
1 |
0 |
0 |
1 |
| National |
0 |
1 |
2 |
3 |
|
Shots
|
| Little Stars |
12 |
3 |
11 |
26 |
| National |
7 |
12 |
14 |
33 |
|
1st period
1. Little Stars , Raphael Diaz 3 (Chris Dingman, Marcus Kruger) at 13:41
Penalties :
Matt Duchene (Que) for Holding (Minor) at 6:13, Mikael Backlund (Que) for Hooking (Minor) at 15:26
2nd period
2. National , Sergei Andronov 2 (Johannes Salmonsson, David Desharnais) at 19:04
Penalties :
Kyle Okposo (Tex) for Roughing (Minor) at 2:31
3rd period
3. National , Nick Schultz 1 (William Colbert, Jonathan Cheechoo) at 0:52 (PP)
4. National , Magnus Paajarvi-Svensson 8 (Jonathan Cheechoo, Denis Bodrov) at 3:05
Penalties :
Cory Murphy (Tex) for Holding (Minor) at 0:42, Jeffrey Foss (Que) for Goalie Interference (Minor) at 5:16, Jesse Joensuu (Tex) for Tripping (Minor) at 12:46, Clay Wilson (Tex) for High sticking (Minor) at 17:11
Goalie Stats
Ben Scrivens (Tex), 30 saves from 33 shots - (0,909), L, 7-5-1, 60:00 minutes
Tyler Plante (Que), 25 saves from 26 shots - (0,962), W, 11-10-0, 60:00 minutes
Players Stats for Little Stars
Player Name G A P +/- PIM S H SB GA TA FO MP PP MP PK MP
------------------------------------------------------------------------------------
Alexander Vasyunov 0 0 0 -1 0 0 1 0 0 1 0/0 10:09 0:00 2:03
Carl Hagelin 0 0 0 0 0 1 1 1 0 0 0/0 11:49 0:00 0:00
Chris Dingman 0 1 1 0 0 3 3 1 1 0 1/5 21:49 2:53 2:57
Clay Wilson 0 0 0 0 2 1 1 2 0 2 0/0 27:50 2:36 2:41
Cody Bass 0 0 0 0 0 2 4 0 0 0 6/15 17:28 3:04 0:00
Corey Trivino 0 0 0 0 0 1 1 0 0 0 3/8 13:32 0:00 1:56
Cory Murphy 0 0 0 -2 2 2 2 4 2 2 0/0 26:13 3:52 3:30
Hugh Jessiman 0 0 0 0 0 1 1 0 0 1 0/0 12:57 0:00 1:04
Jared Spurgeon 0 0 0 -1 0 1 1 2 1 1 0/0 23:02 3:21 1:42
Jesse Joensuu 0 0 0 0 2 2 2 1 0 0 2/2 17:33 3:04 0:40
Kyle Okposo 0 0 0 0 2 0 2 0 0 0 0/0 21:08 2:53 2:00
Landon Ferraro 0 0 0 -1 0 1 0 0 0 0 1/2 13:08 0:00 1:17
Marcus Kruger 0 1 1 0 0 0 2 0 0 0 10/28 20:20 2:53 0:00
Mathieu Roy 0 0 0 0 0 0 0 0 0 0 0/0 3:04 0:00 0:00
Matt Halischuk 0 0 0 0 0 2 3 1 0 0 1/1 15:05 0:00 0:00
Raphael Diaz 1 0 1 1 0 6 3 2 0 1 0/0 26:32 2:05 3:34
Robert Czarnik 0 0 0 0 0 0 0 0 0 0 0/0 0:20 0:00 0:00
Ryan Vesce 0 0 0 -1 0 3 3 0 1 0 0/1 11:50 3:04 1:04
Players Stats for National
Player Name G A P +/- PIM S H SB GA TA FO MP PP MP PK MP
------------------------------------------------------------------------------------
David Desharnais 0 1 1 1 0 2 1 0 0 1 5/12 17:41 0:00 1:51
Denis Bodrov 0 1 1 2 0 0 1 0 0 0 0/0 13:21 2:10 0:00
Dustin Kohn 0 0 0 0 0 3 0 3 1 0 0/0 19:47 0:00 2:21
Igor Makarov 0 0 0 0 0 2 0 1 0 0 1/1 16:48 2:52 0:00
Jeffrey Foss 0 0 0 2 2 0 3 0 0 0 0/0 11:23 0:00 0:00
Johannes Salmonsson 0 1 1 1 0 0 1 0 0 2 0/0 10:48 0:07 3:38
Jonathan Cheechoo 0 2 2 0 0 3 4 0 0 0 0/0 18:35 3:15 0:00
Jonathan Matsumoto 0 0 0 0 0 0 0 0 0 0 5/5 4:44 0:00 3:38
Magnus Paajarvi-Svensson 1 0 1 0 0 3 4 0 0 0 1/1 19:46 3:08 0:28
Matt Duchene 0 0 0 0 2 2 1 0 4 0 18/27 20:02 3:15 0:09
Mikael Backlund 0 0 0 0 2 4 3 0 1 0 7/15 17:16 2:52 0:00
Nick Schultz 1 0 1 -1 0 7 2 2 1 1 0/0 27:02 3:57 3:36
Pasi Salonen 0 0 0 0 0 3 0 1 0 0 1/1 19:14 2:52 2:10
Pat Dwyer 0 0 0 0 0 1 0 1 0 0 0/0 11:09 0:00 0:00
Rico Fata 0 0 0 0 0 0 0 0 0 0 0/0 11:02 0:00 0:00
Sergei Andronov 1 0 1 1 0 1 1 0 0 0 0/0 6:48 0:00 0:00
Ty Wishart 0 0 0 0 0 0 0 0 1 0 0/0 21:37 2:10 2:21
William Colbert 0 1 1 -1 0 2 5 1 0 1 0/0 26:57 3:57 3:36
3 Stars
1 - Tyler Plante (Que)
2 - Raphael Diaz (Tex)
3 - Jonathan Cheechoo (Que)
Power Play
Little Stars - 0 on 3 Attempt(s) - 0,00%
National - 1 on 4 Attempt(s) - 25,00%
Penalty Kill
Little Stars - 3 on 4 Attempt(s) - 75,00%
- Score 0 goal in Penalty Kill
National - 3 on 3 Attempt(s) - 100,00%
- Score 0 goal in Penalty Kill
Team Stat
Little Stars - Hits : 30 - Faceoff Wins : 24 - Blocked Shots : 14 - Penalty Minutes : 8
National - Hits : 26 - Faceoff Wins : 38 - Blocked Shots : 9 - Penalty Minutes : 6
Official
Referees : Pollock Kevin and L'Ecuyer Frederick
Linesman : Brian Mach and Michel Cormier
Game Notes
Mathieu Roy is injured at 6:02 of 1st period (Lacerated Right Calf)
Finance
Level 1 -- Attendance: 1618 (80,90%) -- Ticket Income 40 450 $
Level 2 -- Attendance: 663 (66,30%) -- Ticket Income 9 945 $
Total Attendance: 2281 (76,03%)
Total Ticket Income: 50 395 $
Other Income: 2 520 $
Total Income: 52 915 $
Little Stars
5 vs 5 Forward
Center Left Wing Right Wing Time % Phy DF OF
1 Marcus Kruger Chris Dingman Kyle Okposo 40 1 2 2
2 Cody Bass Jesse Joensuu Matt Halischuk 30 1 2 2
3 Corey Trivino Carl Hagelin Hugh Jessiman 20 1 2 2
4 Landon Ferraro Alexander Vasyunov Ryan Vesce 10 1 2 2
5 vs 5 Defense
Defense Defense Time % Phy DF OF
1 Cory Murphy Mathieu Roy 40 1 2 2
2 Raphael Diaz Clay Wilson 30 1 2 2
3 Jared Spurgeon Cory Murphy 20 1 2 2
4 Mathieu Roy Raphael Diaz 10 1 2 2
PowerPlay Forward
Center Left Wing Right Wing Time % Phy DF OF
1 Marcus Kruger Chris Dingman Kyle Okposo 60 1 2 2
2 Cody Bass Jesse Joensuu Ryan Vesce 40 1 2 2
PowerPlay Defense
Defense Defense Time % Phy DF OF
1 Cory Murphy Mathieu Roy 60 1 2 2
2 Raphael Diaz Clay Wilson 40 1 2 2
Penalty Kill 4 Players Forward
Center Wing Time % Phy DF OF
1 Chris Dingman Kyle Okposo 60 1 2 2
2 Ryan Vesce Hugh Jessiman 40 1 2 2
Penalty Kill 4 Players Defense
Defense Defense Time % Phy DF OF
1 Cory Murphy Mathieu Roy 60 1 2 2
2 Raphael Diaz Clay Wilson 40 1 2 2
Penalty Kill - 3 Players Forward
Forward Time % Phy DF OF
1 Chris Dingman 60 1 2 2
2 Kyle Okposo 40 1 2 2
Penalty Kill - 3 Players Defense
Defense Defense Time % Phy DF OF
1 Cory Murphy Mathieu Roy 60 1 2 2
2 Raphael Diaz Clay Wilson 40 1 2 2
4 vs 4 Forward
Center Wing Time % Phy DF OF
1 Chris Dingman Kyle Okposo 60 1 2 2
2 Ryan Vesce Hugh Jessiman 40 1 2 2
4 vs 4 Defense
Defense Defense Time % Phy DF OF
1 Cory Murphy Mathieu Roy 60 1 2 2
2 Raphael Diaz Clay Wilson 40 1 2 2
Last Minutes Offensive
Center Left Wing Right Wing Defense Defense
Marcus Kruger Chris Dingman Kyle Okposo Cory Murphy Mathieu Roy
Last Minutes Defensive
Center Left Wing Right Wing Defense Defense
Marcus Kruger Chris Dingman Kyle Okposo Cory Murphy Mathieu Roy
Goaltenders
Starting : Ben Scrivens
Backup : Erik Ersberg
Extra Forwards
Normal : Matt Halischuk, Carl Hagelin, Corey Trivino - PP : Matt Halischuk, Carl Hagelin - PK : Corey Trivino
Extra Defensemen
Normal : Jared Spurgeon, Clay Wilson, Cory Murphy - PP : Jared Spurgeon - PK : Clay Wilson, Cory Murphy
Penalty Shots
Chris Dingman, Kyle Okposo, Ryan Vesce, Hugh Jessiman, Matt Halischuk
National
5 vs 5 Forward
Center Left Wing Right Wing Time % Phy DF OF
1 Matt Duchene Magnus Paajarvi-Svensson Jonathan Cheechoo 40 0 2 3
2 Mikael Backlund Pasi Salonen Igor Makarov 30 0 2 3
3 David Desharnais Rico Fata Pat Dwyer 20 1 2 2
4 David Desharnais Johannes Salmonsson Sergei Andronov 10 1 2 2
5 vs 5 Defense
Defense Defense Time % Phy DF OF
1 Nick Schultz William Colbert 40 1 2 2
2 Dustin Kohn Ty Wishart 30 1 2 2
3 Jeffrey Foss Denis Bodrov 20 1 2 2
4 Nick Schultz William Colbert 10 1 2 2
PowerPlay Forward
Center Left Wing Right Wing Time % Phy DF OF
1 Matt Duchene Magnus Paajarvi-Svensson Jonathan Cheechoo 60 0 1 4
2 Mikael Backlund Pasi Salonen Igor Makarov 40 0 1 4
PowerPlay Defense
Defense Defense Time % Phy DF OF
1 Nick Schultz William Colbert 60 0 2 3
2 Ty Wishart Denis Bodrov 40 0 2 3
Penalty Kill 4 Players Forward
Center Wing Time % Phy DF OF
1 Jonathan Matsumoto Johannes Salmonsson 60 1 4 0
2 David Desharnais Pasi Salonen 40 1 4 0
Penalty Kill 4 Players Defense
Defense Defense Time % Phy DF OF
1 William Colbert Nick Schultz 60 1 4 0
2 Ty Wishart Dustin Kohn 40 1 4 0
Penalty Kill - 3 Players Forward
Forward Time % Phy DF OF
1 Johannes Salmonsson 60 1 4 0
2 Pasi Salonen 40 1 4 0
Penalty Kill - 3 Players Defense
Defense Defense Time % Phy DF OF
1 William Colbert Nick Schultz 60 1 4 0
2 Ty Wishart Dustin Kohn 40 1 4 0
4 vs 4 Forward
Center Wing Time % Phy DF OF
1 Matt Duchene Jonathan Cheechoo 60 0 2 3
2 Mikael Backlund Pasi Salonen 40 0 2 3
4 vs 4 Defense
Defense Defense Time % Phy DF OF
1 Nick Schultz William Colbert 60 1 2 2
2 Ty Wishart Dustin Kohn 40 1 2 2
Last Minutes Offensive
Center Left Wing Right Wing Defense Defense
Matt Duchene Magnus Paajarvi-Svensson Jonathan Cheechoo Nick Schultz William Colbert
Last Minutes Defensive
Center Left Wing Right Wing Defense Defense
Jonathan Matsumoto Johannes Salmonsson Pat Dwyer Nick Schultz William Colbert
Goaltenders
Starting : Tyler Plante
Backup : Keith Kinkaid
Extra Forwards
Normal : Mikael Backlund, Matt Duchene, Magnus Paajarvi-Svensson - PP : Pasi Salonen, Matt Duchene - PK : Magnus Paajarvi-Svensson
Extra Defensemen
Normal : Ty Wishart, William Colbert, Dustin Kohn - PP : Ty Wishart - PK : Ty Wishart, William Colbert
Penalty Shots
Mikael Backlund, Pasi Salonen, Jonathan Cheechoo, Matt Duchene, William Colbert
% Time on Ice - Little Stars
Lines # - Real PCT - Wanted PCT - Time Play
Normal Forward
1 - 33% - 40% - 15:55
2 - 28% - 30% - 13:28
3 - 23% - 20% - 10:48
4 - 16% - 10% - 7:45
Normal Defense
1 - 42% - 40% - 20:20
2 - 22% - 30% - 10:33
3 - 14% - 20% - 6:52
4 - 21% - 10% - 10:11
PP Forward
1 - 48% - 60% - 2:53
2 - 52% - 40% - 3:04
PP Defense
1 - 67% - 60% - 3:58
2 - 33% - 40% - 1:59
PK Forward
1 - 83% - 60% - 5:03
2 - 17% - 40% - 1:04
PK Defense
1 - 100% - 60% - 6:07
2 - 0% - 40% - 0:00
PK3 Forward
1 - 0% - 60%
2 - 0% - 40%
PK3 Defense
1 - 0% - 60%
2 - 0% - 40%
44 Forward
1 - 0% - 60%
2 - 0% - 40%
44 Defense
1 - 0% - 60%
2 - 0% - 40%
Last Minute Offensive - 0:00
Last Minute Defensive - 0:00
Total
Forward - 60:00
Defense - 60:00
|
% Time on Ice - National
Lines # - Real PCT - Wanted PCT - Time Play
Normal Forward
1 - 34% - 40% - 16:29
2 - 30% - 30% - 14:23
3 - 23% - 20% - 11:02
4 - 13% - 10% - 6:02
Normal Defense
1 - 37% - 40% - 17:53
2 - 36% - 30% - 17:18
3 - 24% - 20% - 11:16
4 - 3% - 10% - 1:29
PP Forward
1 - 53% - 60% - 3:15
2 - 47% - 40% - 2:52
PP Defense
1 - 65% - 60% - 3:57
2 - 35% - 40% - 2:10
PK Forward
1 - 69% - 60% - 4:06
2 - 31% - 40% - 1:51
PK Defense
1 - 61% - 60% - 3:36
2 - 39% - 40% - 2:21
PK3 Forward
1 - 0% - 60%
2 - 0% - 40%
PK3 Defense
1 - 0% - 60%
2 - 0% - 40%
44 Forward
1 - 0% - 60%
2 - 0% - 40%
44 Defense
1 - 0% - 60%
2 - 0% - 40%
Last Minute Offensive - 0:00
Last Minute Defensive - 0:00
Total
Forward - 60:00
Defense - 60:00
|
Play by Play
1st period
0:01 of 1st period - Chris Dingman wins face-off versus Matt Duchene in neutral zone.
0:06 of 1st period - Snap shot by Marcus Kruger.
0:06 of 1st period - Shot Misses the Net.
0:22 of 1st period - Icing by Mathieu Roy.
0:23 of 1st period - Cody Bass wins face-off versus Mikael Backlund in Little Stars zone.
0:36 of 1st period - Wrist shot by Matt Halischuk.
0:36 of 1st period - Stopped by Tyler Plante with a rebound.
0:38 of 1st period - Snap shot by Cory Murphy.
0:38 of 1st period - Shot Blocked by Dustin Kohn.
0:58 of 1st period - Slapshot by Carl Hagelin.
0:58 of 1st period - Stopped by Tyler Plante with a rebound.
1:00 of 1st period - Wrist shot by Raphael Diaz.
1:00 of 1st period - Shot Blocked by Pat Dwyer.
1:02 of 1st period - Slapshot by Clay Wilson.
1:02 of 1st period - Shot Blocked by Dustin Kohn.
1:18 of 1st period - Snap shot by Matt Duchene.
1:18 of 1st period - Stopped by Ben Scrivens without a rebound.
1:19 of 1st period - Landon Ferraro wins face-off versus Matt Duchene in Little Stars zone.
1:34 of 1st period - Snap shot by Jonathan Cheechoo.
1:34 of 1st period - Stopped by Ben Scrivens without a rebound.
1:35 of 1st period - Marcus Kruger wins face-off versus David Desharnais in Little Stars zone.
2:04 of 1st period - Off-side.
2:05 of 1st period - Corey Trivino wins face-off versus Mikael Backlund in neutral zone.
2:08 of 1st period - Denis Bodrov is hit by Hugh Jessiman and loses puck.
2:25 of 1st period - Backhand shot by Pasi Salonen.
2:25 of 1st period - Shot Blocked by Jared Spurgeon.
2:33 of 1st period - Snap shot by Igor Makarov.
2:33 of 1st period - Deflect By Pasi Salonen.
2:33 of 1st period - Shot Misses the Net.
2:33 of 1st period - Puck is out of play.
2:34 of 1st period - Matt Duchene wins face-off versus Marcus Kruger in Little Stars zone.
2:43 of 1st period - Slapshot by Raphael Diaz.
2:43 of 1st period - Stopped by Tyler Plante with a rebound.
3:11 of 1st period - Jesse Joensuu is hit by William Colbert and loses puck.
3:32 of 1st period - Wrist shot by Pasi Salonen.
3:32 of 1st period - Shot Misses the Net.
5:10 of 1st period - Off-side.
5:11 of 1st period - David Desharnais wins face-off versus Corey Trivino in neutral zone.
5:39 of 1st period - Snap shot by Jonathan Cheechoo.
5:39 of 1st period - Shot Blocked by Raphael Diaz.
6:01 of 1st period - Mathieu Roy is hit by William Colbert and loses puck.
6:02 of 1st period - Mathieu Roy from Little Stars is injured at 6:02 of 1st period (Lacerated Right Calf).
6:03 of 1st period - Matt Duchene wins face-off versus Marcus Kruger in Little Stars zone.
6:13 of 1st period - Minor Penalty to Matt Duchene for Holding.
6:14 of 1st period - Jonathan Matsumoto wins face-off versus Marcus Kruger in National zone.
6:28 of 1st period - Nick Schultz is hit by Jared Spurgeon and loses puck.
6:45 of 1st period - Icing by Cory Murphy.
6:46 of 1st period - Cody Bass wins face-off versus David Desharnais in Little Stars zone.
7:16 of 1st period - Johannes Salmonsson is hit by Cody Bass and loses puck.
7:33 of 1st period - Snap shot by Jesse Joensuu.
7:33 of 1st period - Deflect By Cody Bass.
7:33 of 1st period - Shot Misses the Net.
7:33 of 1st period - Puck is out of play.
7:34 of 1st period - David Desharnais wins face-off versus Marcus Kruger in National zone.
8:13 of 1st period - Penalty to Matt Duchene is over, Matt Duchene is back on ice.
8:27 of 1st period - Snap shot by Matt Duchene.
8:27 of 1st period - Shot Blocked by Cory Murphy.
8:51 of 1st period - Dustin Kohn is hit by Ryan Vesce.
9:03 of 1st period - Pasi Salonen is hit by Cody Bass and loses puck.
9:16 of 1st period - Marcus Kruger is hit by Jonathan Cheechoo and loses puck.
9:31 of 1st period - David Desharnais is hit by Carl Hagelin and loses puck.
10:52 of 1st period - Off-side.
10:53 of 1st period - Matt Halischuk wins face-off versus Matt Duchene in neutral zone.
11:10 of 1st period - Jonathan Cheechoo is hit by Raphael Diaz and loses puck.
12:19 of 1st period - Slapshot by Ryan Vesce.
12:19 of 1st period - Stopped by Tyler Plante with a rebound.
12:21 of 1st period - Slapshot by Cory Murphy.
12:21 of 1st period - Shot Misses the Net.
12:23 of 1st period - Wrist shot by Landon Ferraro.
12:23 of 1st period - Deflect By Ryan Vesce.
12:23 of 1st period - Stopped by Tyler Plante without a rebound.
12:24 of 1st period - Cody Bass wins face-off versus Mikael Backlund in National zone.
12:25 of 1st period - Snap shot by Jesse Joensuu.
12:25 of 1st period - Stopped by Tyler Plante without a rebound.
12:26 of 1st period - Jesse Joensuu wins face-off versus Mikael Backlund in National zone.
12:35 of 1st period - Snap shot by Pasi Salonen.
12:35 of 1st period - Stopped by Ben Scrivens with a rebound.
12:37 of 1st period - Slapshot by William Colbert.
12:37 of 1st period - Shot Misses the Net.
12:39 of 1st period - Slapshot by Nick Schultz.
12:39 of 1st period - Shot Blocked by Jesse Joensuu.
12:41 of 1st period - Wrist shot by Nick Schultz.
12:41 of 1st period - Shot Misses the Net.
12:55 of 1st period - Wrist shot by David Desharnais.
12:55 of 1st period - Stopped by Ben Scrivens without a rebound.
12:56 of 1st period - Marcus Kruger wins face-off versus David Desharnais in Little Stars zone.
13:07 of 1st period - Pat Dwyer is hit by Kyle Okposo and loses puck.
13:24 of 1st period - Snap shot by Jonathan Cheechoo.
13:24 of 1st period - Stopped by Ben Scrivens without a rebound.
13:25 of 1st period - Matt Duchene wins face-off versus Corey Trivino in Little Stars zone.
13:35 of 1st period - Off-side.
13:36 of 1st period - Marcus Kruger wins face-off versus Matt Duchene in neutral zone.
13:39 of 1st period - Snap shot by Chris Dingman.
13:39 of 1st period - Shot Misses the Net.
13:41 of 1st period - Snap shot by Raphael Diaz.
13:41 of 1st period - Goal by Raphael Diaz - Little Stars : 1 - National : 0.
13:42 of 1st period - Matt Duchene wins face-off versus Marcus Kruger in neutral zone.
13:53 of 1st period - Raphael Diaz is hit by Nick Schultz.
13:55 of 1st period - Slapshot by Chris Dingman.
13:55 of 1st period - Deflect By Nick Schultz.
13:55 of 1st period - Shot Blocked by Nick Schultz.
13:55 of 1st period - Puck is out of play.
13:56 of 1st period - Jesse Joensuu wins face-off versus Mikael Backlund in National zone.
14:11 of 1st period - Wrist shot by Matt Halischuk.
14:11 of 1st period - Stopped by Tyler Plante with a rebound.
14:21 of 1st period - Chris Dingman is hit by William Colbert and loses puck.
14:45 of 1st period - Wrist shot by Pat Dwyer.
14:45 of 1st period - Shot Misses the Net.
15:07 of 1st period - Wrist shot by Mikael Backlund.
15:07 of 1st period - Stopped by Ben Scrivens without a rebound.
15:08 of 1st period - Mikael Backlund wins face-off versus Landon Ferraro in Little Stars zone.
15:26 of 1st period - Minor Penalty to Mikael Backlund for Hooking.
15:27 of 1st period - Jonathan Matsumoto wins face-off versus Marcus Kruger in National zone.
16:15 of 1st period - Icing by Ryan Vesce.
16:16 of 1st period - Jonathan Matsumoto wins face-off versus Cody Bass in Little Stars zone.
16:33 of 1st period - Snap shot by Raphael Diaz.
16:33 of 1st period - Stopped by Tyler Plante without a rebound.
16:34 of 1st period - Jonathan Matsumoto wins face-off versus Marcus Kruger in National zone.
17:26 of 1st period - Penalty to Mikael Backlund is over, Mikael Backlund is back on ice.
17:43 of 1st period - Dustin Kohn is hit by Raphael Diaz and loses puck.
18:02 of 1st period - Snap shot by Cody Bass.
18:02 of 1st period - Stopped by Tyler Plante with a rebound.
18:04 of 1st period - Wrist shot by Raphael Diaz.
18:04 of 1st period - Stopped by Tyler Plante without a rebound.
18:05 of 1st period - Mikael Backlund wins face-off versus Cody Bass in National zone.
18:14 of 1st period - Snap shot by Jesse Joensuu.
18:14 of 1st period - Shot Misses the Net.
18:16 of 1st period - Snap shot by Jesse Joensuu.
18:16 of 1st period - Stopped by Tyler Plante with a rebound.
18:26 of 1st period - Magnus Paajarvi-Svensson is hit by Chris Dingman and loses puck.
18:50 of 1st period - Slapshot by Rico Fata.
18:50 of 1st period - Shot Misses the Net.
18:52 of 1st period - Snap shot by David Desharnais.
18:52 of 1st period - Stopped by Ben Scrivens with a rebound.
18:54 of 1st period - Slapshot by William Colbert.
18:54 of 1st period - Shot Misses the Net.
18:56 of 1st period - Wrist shot by Rico Fata.
18:56 of 1st period - Shot Blocked by Carl Hagelin.
Goals for this period are 1 for Little Stars vs 0 for National.
Shots for this period are 12 for Little Stars vs 7 for National.
2nd period
0:01 of 2nd period - Matt Duchene wins face-off versus Marcus Kruger in neutral zone.
0:12 of 2nd period - Snap shot by Matt Duchene.
0:12 of 2nd period - Shot Misses the Net.
0:48 of 2nd period - Slapshot by Nick Schultz.
0:48 of 2nd period - Shot Misses the Net.
0:50 of 2nd period - Wrist shot by William Colbert.
0:50 of 2nd period - Stopped by Ben Scrivens with a rebound.
0:52 of 2nd period - Slapshot by William Colbert.
0:52 of 2nd period - Stopped by Ben Scrivens without a rebound.
0:53 of 2nd period - Marcus Kruger wins face-off versus David Desharnais in Little Stars zone.
0:57 of 2nd period - Off-side.
0:58 of 2nd period - Matt Duchene wins face-off versus Marcus Kruger in neutral zone.
1:00 of 2nd period - Off-side.
1:01 of 2nd period - Marcus Kruger wins face-off versus Matt Duchene in neutral zone.
1:04 of 2nd period - Snap shot by Chris Dingman.
1:04 of 2nd period - Stopped by Tyler Plante without a rebound.
1:05 of 2nd period - Matt Duchene wins face-off versus Marcus Kruger in National zone.
1:05 of 2nd period - Matt Duchene is hit by Clay Wilson.
1:31 of 2nd period - Igor Makarov is hit by Cody Bass.
1:39 of 2nd period - Snap shot by Pasi Salonen.
1:39 of 2nd period - Stopped by Ben Scrivens without a rebound.
1:40 of 2nd period - Matt Duchene wins face-off versus Cody Bass in Little Stars zone.
1:41 of 2nd period - Slapshot by Magnus Paajarvi-Svensson.
1:41 of 2nd period - Stopped by Ben Scrivens with a rebound.
1:47 of 2nd period - Dustin Kohn is hit by Jesse Joensuu and loses puck.
2:04 of 2nd period - Dustin Kohn is hit by Chris Dingman and loses puck.
2:09 of 2nd period - Slapshot by Chris Dingman.
2:09 of 2nd period - Stopped by Tyler Plante without a rebound.
2:10 of 2nd period - Marcus Kruger wins face-off versus Mikael Backlund in National zone.
2:11 of 2nd period - Wrist shot by Chris Dingman.
2:11 of 2nd period - Shot Misses the Net.
2:25 of 2nd period - Snap shot by Nick Schultz.
2:25 of 2nd period - Stopped by Ben Scrivens with a rebound.
2:31 of 2nd period - Minor Penalty to Kyle Okposo for Roughing.
2:32 of 2nd period - Matt Duchene wins face-off versus Chris Dingman in Little Stars zone.
3:01 of 2nd period - Snap shot by Mikael Backlund.
3:01 of 2nd period - Shot Blocked by Clay Wilson.
4:31 of 2nd period - Penalty to Kyle Okposo is over, Kyle Okposo is back on ice.
4:42 of 2nd period - Clay Wilson is hit by Denis Bodrov and loses puck.
4:57 of 2nd period - Cory Murphy is hit by Jeffrey Foss and loses puck.
5:04 of 2nd period - Johannes Salmonsson is hit by Jesse Joensuu.
5:16 of 2nd period - Matt Duchene is hit by Chris Dingman and loses puck.
5:34 of 2nd period - Snap shot by Marcus Kruger.
5:34 of 2nd period - Shot Blocked by Igor Makarov.
7:07 of 2nd period - Alexander Vasyunov is hit by Nick Schultz and loses puck.
7:51 of 2nd period - Cody Bass is hit by Mikael Backlund and loses puck.
8:39 of 2nd period - Matt Halischuk is hit by Jeffrey Foss and loses puck.
8:56 of 2nd period - Snap shot by Rico Fata.
8:56 of 2nd period - Shot Misses the Net.
9:35 of 2nd period - Hugh Jessiman is hit by Sergei Andronov and loses puck.
10:31 of 2nd period - Ryan Vesce is hit by Magnus Paajarvi-Svensson.
11:08 of 2nd period - Icing by Jeffrey Foss.
11:09 of 2nd period - Corey Trivino wins face-off versus Mikael Backlund in National zone.
11:26 of 2nd period - Marcus Kruger is hit by William Colbert and loses puck.
11:53 of 2nd period - Slapshot by Dustin Kohn.
11:53 of 2nd period - Stopped by Ben Scrivens with a rebound.
11:55 of 2nd period - Slapshot by Nick Schultz.
11:55 of 2nd period - Stopped by Ben Scrivens with a rebound.
12:07 of 2nd period - Kyle Okposo is hit by Jonathan Cheechoo and loses puck.
12:28 of 2nd period - Carl Hagelin is hit by Mikael Backlund and loses puck.
13:01 of 2nd period - Denis Bodrov is hit by Alexander Vasyunov and loses puck.
13:36 of 2nd period - Wrist shot by Johannes Salmonsson.
13:36 of 2nd period - Shot Misses the Net.
13:38 of 2nd period - Snap shot by Magnus Paajarvi-Svensson.
13:38 of 2nd period - Stopped by Ben Scrivens with a rebound.
13:45 of 2nd period - Icing by Matt Halischuk.
13:46 of 2nd period - Cody Bass wins face-off versus Mikael Backlund in Little Stars zone.
13:51 of 2nd period - Snap shot by Chris Dingman.
13:51 of 2nd period - Shot Blocked by Pasi Salonen.
13:57 of 2nd period - Snap shot by Pasi Salonen.
13:57 of 2nd period - Shot Blocked by Chris Dingman.
14:37 of 2nd period - Slapshot by Dustin Kohn.
14:37 of 2nd period - Shot Misses the Net.
16:16 of 2nd period - Igor Makarov is hit by Marcus Kruger and loses puck.
16:42 of 2nd period - Jesse Joensuu is hit by Matt Duchene and loses puck.
17:08 of 2nd period - Chris Dingman is hit by Johannes Salmonsson and loses puck.
17:21 of 2nd period - Denis Bodrov is hit by Ryan Vesce and loses puck.
18:08 of 2nd period - Snap shot by Dustin Kohn.
18:08 of 2nd period - Stopped by Ben Scrivens with a rebound.
18:23 of 2nd period - Icing by Pasi Salonen.
18:24 of 2nd period - Pasi Salonen wins face-off versus Corey Trivino in National zone.
18:31 of 2nd period - Cody Bass is hit by Jonathan Cheechoo and loses puck.
19:02 of 2nd period - Wrist shot by Johannes Salmonsson.
19:02 of 2nd period - Shot Misses the Net.
19:04 of 2nd period - Wrist shot by Sergei Andronov.
19:04 of 2nd period - Goal by Sergei Andronov - Little Stars : 1 - National : 1.
19:05 of 2nd period - Marcus Kruger wins face-off versus Matt Duchene in neutral zone.
19:08 of 2nd period - Nick Schultz is hit by Marcus Kruger.
19:16 of 2nd period - Wrist shot by Kyle Okposo.
19:16 of 2nd period - Shot Blocked by Nick Schultz.
19:22 of 2nd period - Marcus Kruger is hit by William Colbert and loses puck.
19:33 of 2nd period - Snap shot by Pasi Salonen.
19:33 of 2nd period - Deflect By Mikael Backlund.
19:33 of 2nd period - Stopped by Ben Scrivens with a rebound.
19:35 of 2nd period - Slapshot by William Colbert.
19:35 of 2nd period - Shot Blocked by Cory Murphy.
19:37 of 2nd period - Snap shot by Nick Schultz.
19:37 of 2nd period - Stopped by Ben Scrivens with a rebound.
19:39 of 2nd period - Snap shot by William Colbert.
19:39 of 2nd period - Shot Misses the Net.
19:55 of 2nd period - Slapshot by Jared Spurgeon.
19:55 of 2nd period - Stopped by Tyler Plante without a rebound.
19:56 of 2nd period - Corey Trivino wins face-off versus David Desharnais in National zone.
Goals for this period are 0 for Little Stars vs 1 for National.
Shots for this period are 3 for Little Stars vs 12 for National.
3rd period
0:01 of 3rd period - Marcus Kruger wins face-off versus Matt Duchene in neutral zone.
0:04 of 3rd period - Matt Duchene is hit by Raphael Diaz and loses puck.
0:25 of 3rd period - Wrist shot by Igor Makarov.
0:25 of 3rd period - Shot Blocked by Clay Wilson.
0:27 of 3rd period - Wrist shot by Dustin Kohn.
0:27 of 3rd period - Deflect By Pasi Salonen.
0:27 of 3rd period - Shot Misses the Net.
0:27 of 3rd period - Puck is out of play.
0:28 of 3rd period - Igor Makarov wins face-off versus Cody Bass in Little Stars zone.
0:31 of 3rd period - Wrist shot by Mikael Backlund.
0:31 of 3rd period - Shot Misses the Net.
0:33 of 3rd period - Slapshot by Ty Wishart.
0:33 of 3rd period - Shot Blocked by Cory Murphy.
0:35 of 3rd period - Backhand shot by Ty Wishart.
0:35 of 3rd period - Shot Blocked by Jared Spurgeon.
0:37 of 3rd period - Slapshot by Mikael Backlund.
0:37 of 3rd period - Stopped by Ben Scrivens without a rebound.
0:38 of 3rd period - Matt Duchene wins face-off versus Marcus Kruger in Little Stars zone.
0:39 of 3rd period - Slapshot by Nick Schultz.
0:39 of 3rd period - Stopped by Ben Scrivens with a rebound.
0:42 of 3rd period - Minor Penalty to Cory Murphy for Holding.
0:43 of 3rd period - Matt Duchene wins face-off versus Chris Dingman in Little Stars zone.
0:44 of 3rd period - Backhand shot by Jonathan Cheechoo.
0:44 of 3rd period - Stopped by Ben Scrivens with a rebound.
0:46 of 3rd period - Slapshot by William Colbert.
0:46 of 3rd period - Shot Blocked by Raphael Diaz.
0:48 of 3rd period - Slapshot by William Colbert.
0:48 of 3rd period - Shot Misses the Net.
0:50 of 3rd period - Snap shot by Nick Schultz.
0:50 of 3rd period - Stopped by Ben Scrivens with a rebound.
0:52 of 3rd period - Snap shot by Nick Schultz.
0:52 of 3rd period - Goal by Nick Schultz - Little Stars : 1 - National : 2.
0:53 of 3rd period - Matt Duchene wins face-off versus Marcus Kruger in neutral zone.
0:56 of 3rd period - Slapshot by William Colbert.
0:56 of 3rd period - Deflect By Matt Duchene.
0:56 of 3rd period - Stopped by Ben Scrivens with a rebound.
1:25 of 3rd period - Snap shot by Pasi Salonen.
1:25 of 3rd period - Shot Misses the Net.
1:27 of 3rd period - Wrist shot by Pasi Salonen.
1:27 of 3rd period - Deflect By Igor Makarov.
1:27 of 3rd period - Shot Blocked by Cory Murphy.
1:27 of 3rd period - Puck is out of play.
1:28 of 3rd period - David Desharnais wins face-off versus Cody Bass in Little Stars zone.
1:39 of 3rd period - Wrist shot by Pat Dwyer.
1:39 of 3rd period - Stopped by Ben Scrivens with a rebound.
1:41 of 3rd period - Slapshot by Dustin Kohn.
1:41 of 3rd period - Stopped by Ben Scrivens without a rebound.
1:42 of 3rd period - Magnus Paajarvi-Svensson wins face-off versus Marcus Kruger in Little Stars zone.
2:15 of 3rd period - Snap shot by Igor Makarov.
2:15 of 3rd period - Shot Misses the Net.
2:17 of 3rd period - Snap shot by Pasi Salonen.
2:17 of 3rd period - Stopped by Ben Scrivens with a rebound.
2:53 of 3rd period - Snap shot by Ryan Vesce.
2:53 of 3rd period - Deflect By Landon Ferraro.
2:53 of 3rd period - Stopped by Tyler Plante without a rebound.
2:54 of 3rd period - Matt Duchene wins face-off versus Marcus Kruger in National zone.
3:05 of 3rd period - Snap shot by Jonathan Cheechoo.
3:05 of 3rd period - Deflect By Magnus Paajarvi-Svensson.
3:05 of 3rd period - Goal by Magnus Paajarvi-Svensson - Little Stars : 1 - National : 3.
3:06 of 3rd period - Matt Duchene wins face-off versus Marcus Kruger in neutral zone.
3:09 of 3rd period - Kyle Okposo is hit by Magnus Paajarvi-Svensson and loses puck.
3:22 of 3rd period - Off-side.
3:23 of 3rd period - Mikael Backlund wins face-off versus Cody Bass in neutral zone.
3:26 of 3rd period - Snap shot by Igor Makarov.
3:26 of 3rd period - Stopped by Ben Scrivens without a rebound.
3:27 of 3rd period - Mikael Backlund wins face-off versus Cody Bass in Little Stars zone.
3:38 of 3rd period - Snap shot by Mikael Backlund.
3:38 of 3rd period - Stopped by Ben Scrivens without a rebound.
3:39 of 3rd period - Marcus Kruger wins face-off versus Matt Duchene in Little Stars zone.
3:39 of 3rd period - Marcus Kruger is hit by Jonathan Cheechoo.
4:10 of 3rd period - Snap shot by Cory Murphy.
4:10 of 3rd period - Stopped by Tyler Plante with a rebound.
4:12 of 3rd period - Snap shot by Cody Bass.
4:12 of 3rd period - Stopped by Tyler Plante with a rebound.
4:14 of 3rd period - Wrist shot by Jesse Joensuu.
4:14 of 3rd period - Shot Blocked by William Colbert.
4:16 of 3rd period - Backhand shot by Cory Murphy.
4:16 of 3rd period - Stopped by Tyler Plante with a rebound.
4:55 of 3rd period - Raphael Diaz is hit by Magnus Paajarvi-Svensson and loses puck.
5:13 of 3rd period - Slapshot by Raphael Diaz.
5:13 of 3rd period - Stopped by Tyler Plante without a rebound.
5:14 of 3rd period - Mikael Backlund wins face-off versus Marcus Kruger in National zone.
5:16 of 3rd period - Minor Penalty to Jeffrey Foss for Goalie Interference.
5:17 of 3rd period - Jonathan Matsumoto wins face-off versus Marcus Kruger in National zone.
7:06 of 3rd period - Johannes Salmonsson is hit by Ryan Vesce.
7:16 of 3rd period - Penalty to Jeffrey Foss is over, Jeffrey Foss is back on ice.
7:16 of 3rd period - Jared Spurgeon is hit by Jeffrey Foss and loses puck.
7:53 of 3rd period - Raphael Diaz is hit by Magnus Paajarvi-Svensson and loses puck.
8:02 of 3rd period - Denis Bodrov is hit by Cory Murphy and loses puck.
9:31 of 3rd period - Wrist shot by Igor Makarov.
9:31 of 3rd period - Stopped by Ben Scrivens without a rebound.
9:32 of 3rd period - Mikael Backlund wins face-off versus Ryan Vesce in Little Stars zone.
9:43 of 3rd period - Snap shot by Mikael Backlund.
9:43 of 3rd period - Shot Misses the Net.
10:36 of 3rd period - Landon Ferraro is hit by Mikael Backlund and loses puck.
10:51 of 3rd period - Icing by Johannes Salmonsson.
10:52 of 3rd period - Cody Bass wins face-off versus David Desharnais in National zone.
10:53 of 3rd period - Snap shot by Raphael Diaz.
10:53 of 3rd period - Stopped by Tyler Plante with a rebound.
10:55 of 3rd period - Slapshot by Clay Wilson.
10:55 of 3rd period - Stopped by Tyler Plante without a rebound.
10:56 of 3rd period - Matt Duchene wins face-off versus Cody Bass in National zone.
10:56 of 3rd period - Matt Duchene is hit by Matt Halischuk.
11:06 of 3rd period - Slapshot by Jonathan Cheechoo.
11:06 of 3rd period - Shot Blocked by Matt Halischuk.
11:08 of 3rd period - Slapshot by Nick Schultz.
11:08 of 3rd period - Stopped by Ben Scrivens with a rebound.
11:16 of 3rd period - Nick Schultz is hit by Cody Bass and loses puck.
11:39 of 3rd period - Slapshot by Chris Dingman.
11:39 of 3rd period - Stopped by Tyler Plante without a rebound.
11:40 of 3rd period - David Desharnais wins face-off versus Marcus Kruger in National zone.
11:45 of 3rd period - Slapshot by Rico Fata.
11:45 of 3rd period - Shot Misses the Net.
11:51 of 3rd period - Nick Schultz is hit by Kyle Okposo and loses puck.
12:18 of 3rd period - Wrist shot by Hugh Jessiman.
12:18 of 3rd period - Stopped by Tyler Plante without a rebound.
12:19 of 3rd period - Mikael Backlund wins face-off versus Cody Bass in National zone.
12:19 of 3rd period - Mikael Backlund is hit by Matt Halischuk.
12:46 of 3rd period - Minor Penalty to Jesse Joensuu for Tripping.
12:47 of 3rd period - Matt Duchene wins face-off versus Chris Dingman in Little Stars zone.
14:46 of 3rd period - Penalty to Jesse Joensuu is over, Jesse Joensuu is back on ice.
15:17 of 3rd period - Icing by Jared Spurgeon.
15:18 of 3rd period - Cody Bass wins face-off versus Matt Duchene in Little Stars zone.
15:25 of 3rd period - Backhand shot by Cody Bass.
15:25 of 3rd period - Deflect By Dustin Kohn.
15:25 of 3rd period - Shot Misses the Net.
15:25 of 3rd period - Puck is out of play.
15:26 of 3rd period - David Desharnais wins face-off versus Corey Trivino in National zone.
15:33 of 3rd period - Wrist shot by Carl Hagelin.
15:33 of 3rd period - Shot Blocked by Dustin Kohn.
15:35 of 3rd period - Slapshot by Cory Murphy.
15:35 of 3rd period - Shot Misses the Net.
15:37 of 3rd period - Snap shot by Corey Trivino.
15:37 of 3rd period - Stopped by Tyler Plante without a rebound.
15:38 of 3rd period - Matt Duchene wins face-off versus Corey Trivino in National zone.
15:38 of 3rd period - Matt Duchene is hit by Corey Trivino.
16:49 of 3rd period - Snap shot by Ryan Vesce.
16:49 of 3rd period - Stopped by Tyler Plante without a rebound.
16:50 of 3rd period - Marcus Kruger wins face-off versus David Desharnais in National zone.
17:11 of 3rd period - Minor Penalty to Clay Wilson for High sticking.
17:12 of 3rd period - Matt Duchene wins face-off versus Chris Dingman in Little Stars zone.
18:46 of 3rd period - Nick Schultz is hit by Cory Murphy.
19:11 of 3rd period - Penalty to Clay Wilson is over, Clay Wilson is back on ice.
19:36 of 3rd period - Marcus Kruger is hit by David Desharnais and loses puck.
19:43 of 3rd period - Sergei Andronov is hit by Matt Halischuk and loses puck.
Goals for this period are 0 for Little Stars vs 2 for National.
Shots for this period are 11 for Little Stars vs 14 for National.
Output by the SimonT Hockey Simulator (STHS) for François Prévost -- Original Page W3C XHTML 1.0 Valid